 Dungeon Crawl Stone Soup version 0.31-a0-988-g08d55dae12 (webtiles) character file.

Game seed: 17787639956254817305

2069086 Flugkiller the Skinwalker (level 26, 199/199 HPs)
             Began as an Octopode Shapeshifter on Nov 5, 2023.
             Was the Champion of Makhleb.
             Escaped with the Orb
             ... and 3 runes!
             The game lasted 01:15:05 (44938 turns).

Flugkiller the Skinwalker (Octopode Shapeshifter)  Turns: 44938, Time: 01:15:06

Health: 199/199    AC: 24    Str: 37    XL:     26   Next: 52%
Magic:  37/37      EV: 48    Int: 17    God:    Makhleb [******]
Gold:   1828       SH:  0    Dex: 21    Spells: 25/25 levels left

rFire   + .          .
                       - Unarmed
rCold   + . .        b - melded +3 buckler {AC+3}
rNeg    + . .        A - melded +0 mask of the Dragon {Will+ Slay+3 SInv}
rPois   ∞            T - amulet of Wonder {rC+ Regen+}
rElec   +            p - +4 ring of protection
rCorr   +            D - +4 ring of protection
SInv    +            g - +6 ring of strength
Will    ++...        m - ring of willpower
Stlth   +            a - ring "Leophi" {rF+ Str+2}
HPRegen 1.33/turn    Q - +6 ring of strength
MPRegen 0.25/turn    r - ring "Analaroa" {rElec rCorr AC+4 Int+3}
                     R - ring "Yskokka" {rN+ Str+6 Dex+3 SInv}

%: no passive effects
@: storm-form, flying
A: cleaving, insubstantial, flying, almost no armour, amphibious, 8 rings,
(camouflage 1), (gelatinous body 1), (nimble swimmer 1), (tentacles), (beak),
(fire resistance 1), sense surroundings 1, evolution 1, inability to drink after
injury 1
0: Orb of Zot
}: 3/15 runes: barnacled, silver, gossamer
a: Blinkbolt, Begin Untransformation, Renounce Religion, Minor Destruction,
Lesser Servant of Makhleb, Major Destruction, Greater Servant of Makhleb


You escaped.
You worshipped Makhleb.
Makhleb was exalted by your worship.
You were a lightning-filled tempest!
You visited 9 branches of the dungeon, and saw 45 of its levels.
You also visited: Ossuary.

You collected 5921 gold pieces.
You spent 4093 gold pieces at shops.

Inventory:

Missiles
 j - 9 throwing nets
 Y - 17 curare-tipped darts
Armour
 b - a +3 buckler of protection (melded)
   (You took it off a spriggan on level 5 of the Lair of Beasts)
 A - the +0 mask of the Dragon (melded) {Will+ Slay+3 SInv}
   (You found it on level 4 of the Spider Nest)

   Slay+3:    It affects your accuracy & damage with ranged weapons and melee
   (+3).
   Will+:     It increases your willpower.
   SInv:      It lets you see invisible.
Jewellery
 a - the ring "Leophi" (on tentacle) {rF+ Str+2}
   (You found it on level 1 of the Vaults)

   [ring of protection from fire]

   Str+2:     It affects your strength (+2).
   rF+:       It protects you from fire.
 f - a ring of protection from fire
   (You found it on level 5 of the Vaults)
 g - a +6 ring of strength (on tentacle)
   (You found it on level 3 of the Dungeon)
 m - a ring of willpower (on tentacle)
   (You found it on level 8 of the Dungeon)
 p - a +4 ring of protection (left tentacle)
   (You found it on level 1 of the Dungeon)
 r - the ring "Analaroa" (on tentacle) {rElec rCorr AC+4 Int+3}
   (You found it on level 4 of the Vaults)

   [ring of protection]

   AC+4:      It affects your AC (+4).
   Int+3:     It affects your intelligence (+3).
   rElec:     It insulates you from electricity.
   rCorr:     It protects you from acid and corrosion.
 y - a +6 ring of dexterity
   (You found it on level 10 of the Dungeon)
 B - an amulet of reflection
   (You found it on level 2 of the Depths)
 D - a +4 ring of protection (right tentacle)
   (You took it off a vault guard on level 5 of the Vaults)
 I - a ring of protection from fire
   (You found it on level 5 of the Realm of Zot)
 K - a +4 ring of protection
   (You found it on level 11 of the Dungeon)
 O - an amulet of faith
   (You took it off a draconian monk on level 5 of the Realm of Zot)
 Q - a +6 ring of strength (on tentacle)
   (You found it in an ossuary)
 R - the ring "Yskokka" (on tentacle) {rN+ Str+6 Dex+3 SInv}
   (You took it off a wight on level 9 of the Dungeon)

   [ring of strength]

   Str+6:     It affects your strength (+6).
   Dex+3:     It affects your dexterity (+3).
   rN+:       It protects you from negative energy.
   SInv:      It lets you see invisible.
 T - the amulet of Wonder (around neck) {rC+ Regen+}
   (You found it on level 11 of the Dungeon)

   [amulet of regeneration]

   rC+:       It protects you from cold.
   Regen+:    It increases your rate of health regeneration.
Talismans
 z - a storm talisman (active)
   (You bought it in a shop on level 3 of the Shoals)
Wands
 l - a wand of mindburst (61)
   (You found it on level 5 of the Dungeon)
 C - a wand of quicksilver (19)
   (You found it on level 8 of the Dungeon)
 H - a wand of iceblast (38)
   (You found it on level 7 of the Dungeon)
 N - a wand of paralysis (39)
   (You took it off Ijyb on level 2 of the Dungeon)
 W - a wand of digging (10)
   (You found it on level 2 of the Lair of Beasts)
Scrolls
 i - 8 scrolls of butterflies
 k - 4 scrolls of silence
 t - 16 scrolls of teleportation
 v - 10 scrolls of vulnerability
 E - 12 scrolls of immolation
 G - 9 scrolls of poison
 J - 4 scrolls of revelation
 S - 5 scrolls of fear
 V - 3 scrolls of fog
Potions
 c - 3 potions of magic
 d - 10 potions of might
 h - 6 potions of haste
 n - 5 potions of resistance
 o - 4 potions of invisibility
 q - 29 potions of curing
 s - 3 potions of cancellation
 u - 3 potions of mutation
 w - 11 potions of heal wounds
 F - 11 potions of ambrosia
 L - 6 potions of berserk rage
 M - 7 potions of enlightenment
 P - 8 potions of attraction
Miscellaneous
 e - a phial of floods
   (You found it on level 4 of the Shoals)
 x - a phantom mirror
   (You found it on level 2 of the Vaults)
 U - a tin of tremorstones (2/2)
   (You found it on level 11 of the Dungeon)


   Skills:
 + Level 21.3 Fighting
 - Level 20.0 Dodging
 - Level 2.0 Stealth
 + Level 21.3 Unarmed Combat
 - Level 20.0 Invocations
 - Level 3.0 Evocations
 - Level 23.0 Shapeshifting


You had 25 spell levels left.
You didn't know any spells.
Your spell library contained the following spells:

 Spells                   Type           Power      Damage    Failure   Level
 Freeze                   Ice            0%         1d3       24%         1
 Magic Dart               Conj           0%         1d3       24%         1
 Sandblast                Erth           0%         2d4       24%         1
 Slow                     Hex            0%         N/A       24%         1
 Sting                    Tmut/Pois      0%         1d3       24%         1
 Summon Small Mammal      Summ           0%         N/A       24%         1
 Blink                    Tloc           0%         N/A       34%         2
 Call Imp                 Summ           0%         N/A       34%         2
 Ensorcelled Hibernation  Hex/Ice        0%         N/A       34%         2
 Lesser Beckoning         Tloc           0%         N/A       34%         2
 Momentum Strike          Conj/Tloc      0%         3d8       34%         2
 Passwall                 Tmut/Erth      0%         N/A       34%         2
 Poisonous Vapours        Pois/Air       0%         N/A       34%         2
 Scorch                   Fire           0%         2d5       34%         2
 Static Discharge         Conj/Air       0%         3-3/arc   34%         2
 Call Canine Familiar     Summ           0%         N/A       56%         3
 Confusing Touch          Hex            0%         N/A       56%         3
 Dazzling Flash           Conj/Hex       0%         N/A       56%         3
 Frozen Ramparts          Ice            0%         1d1       56%         3
 Gell's Gravitas          Tloc           0%         N/A       56%         3
 Hailstorm                Conj/Ice       0%         3d3       56%         3
 Ignite Poison            Fire/Tmut/Pois 0%         N/A       56%         3
 Inner Flame              Hex/Fire       0%         N/A       56%         3
 Mephitic Cloud           Conj/Pois/Air  0%         N/A       56%         3
 Sigil of Binding         Hex            0%         N/A       56%         3
 Stone Arrow              Conj/Erth      0%         3d7       56%         3
 Summon Guardian Golem    Hex/Summ       0%         N/A       56%         3
 Swiftness                Air            0%         N/A       56%         3
 Teleport Other           Tloc           0%         N/A       56%         3
 Tukima's Dance           Hex            0%         N/A       56%         3
 Vampiric Draining        Necr           0%         2d6       56%         3
 Anguish                  Hex/Necr       0%         N/A       93%         4
 Brom's Barrelling Bould  Conj/Erth      0%         2d3       93%         4
 Cause Fear               Hex            0%         N/A       93%         4
 Dimensional Bullseye     Hex/Tloc       0%         N/A       93%         4
 Fulminant Prism          Conj/Hex       0%         3d5       93%         4
 Iskenderun's Mystic Bla  Conj/Tloc      0%         2d3       93%         4
 Leda's Liquefaction      Hex/Erth       0%         N/A       93%         4
 Manifold Assault         Tloc           0%         N/A       93%         4
 Olgreb's Toxic Radiance  Pois           0%         N/A       93%         4
 Petrify                  Tmut/Erth      0%         N/A       93%         4
 Sticky Flame             Conj/Fire      0%         2d3       93%         4
 Summon Lightning Spire   Summ/Air       0%         N/A       93%         4
 Fireball                 Conj/Fire      0%         3d3       100%        5
 Iskenderun's Battlesphe  Conj           0%         2d6       100%        5
 Lee's Rapid Deconstruct  Erth           0%         3d4*      100%        5
 Metabolic Englaciation   Hex/Ice        0%         N/A       100%        5
 Yara's Violent Unravell  Hex/Tmut       0%         3d3       100%        5
 Conjure Ball Lightning   Conj/Air       0%         3x3d6     100%        6
 Dispersal                Tloc           0%         N/A       100%        6
 Enfeeble                 Hex            0%         N/A       100%        7
 Orb of Destruction       Conj           0%         9d5       100%        7
 Disjunction              Tloc           0%         N/A       100%        8
 Ignition                 Fire           0%         3d3       100%        8
 Animate Armour           Summ/Erth      Unusable   N/A       N/A         4

Dungeon Overview and Level Annotations

Branches:
Dungeon (15/15)            Temple (1/1) D:4            Lair (5/5) D:11
 Shoals (4/4) Lair:3       Spider (4/4) Lair:2        Slime (0/5) Lair:4
    Orc (2/2) D:12            Elf (0/3) Orc:2        Vaults (5/5) D:14
  Crypt (0/3) Vaults:3     Depths (4/4) D:15            Zot (5/5) Depths:4
Ossuary (visited)

Altars:
Ashenzari
Cheibriados
Dithmenos
Elyvilon
Fedhas
Gozag
Hepliaklqana
Kikubaaqudgha
Makhleb
Nemelex Xobeh
Okawaru
Qazlal
Ru
Sif Muna
Trog
Uskayaw
Vehumet
Wu Jian
Xom
Yredelemnul
Zin
The Shining One
Jiyva
Lugonu

Shops:
D:5 ?   D:6 (   D:13 [   Orc:1 :*[   Orc:2 (=[=:   Shoals:3 =   Vaults:3 *=*[
Vaults:5 ?!!!!   Depths:1 *   Depths:2 *

Portals:
Hell: Depths:1 Depths:2 Depths:3 Depths:4
Abyss: Depths:1 Depths:2 Depths:3 Depths:4
Pandemonium: Depths:2 Depths:4
Ziggurat: Depths:3
Trove: Vaults:2 (give 2 scrolls of acquirement)

Annotations:
D:4 exclusions: black bear and 3 killer bees, Edmund
D:13 1 runed translucent door, Deit's ghost, journeyman MiBe
Depths:1 2 transporters
Depths:2 exclusion: orange crystal statue
Depths:3 exclusions: glass eye, great orb of eyes and 2 more exclusions
Zot:2 2 transporters, exclusions: obsidian statue and upstairs


Innate Abilities, Weirdness & Mutations

You are a lightning-filled tempest!
Your electrical attacks strike out in all directions at once.
You are incredibly evasive.
Your insubstantial body is immune to petrification, constriction, and being set on fire You are flying.
Your armour is entirely melded.
You are incapable of wielding weapons or throwing items.
You cannot wear most types of armour.
You are amphibious.
You can wear up to eight rings at the same time.
You are immune to poison.
((Your skin changes colour to match your surroundings (Stealth+).))
((Your rubbery body absorbs attacks. (AC +1, EV +1)))
((You are camouflaged when in or above water. (Stealth+)))
((You have tentacles for arms and can constrict up to eight enemies at once.))
((You have a beak for a mouth.))
((Your flesh is heat resistant. (rF+)))
You passively map a small area around you.
You have hidden genetic potential.
You occasionally lose the ability to drink potions when taking damage.


Message History

You blast the reaper!!!
The reaper is almost dead.
You hear an angry buzzing noise.
You blast the reaper!!!!
Lightning courses through the reaper!
You kill the reaper!
Makhleb accepts your kill.
No target in view!
An efreet comes into view.
It is wielding a +2 scimitar of flaming.
The efreet gestures at you. The bolt of fire misses you.
You barely miss the efreet. You punch the efreet, but do no damage.
You batter the efreet!! Lightning courses through the efreet!
The efreet is severely wounded.
The efreet gestures at you.
The fireball explodes!
The fireball engulfs you. You resist.
The fireball engulfs the efreet.
The efreet completely resists.
You hear an angry growl.
You hear an angry buzzing noise. x2
You blast the efreet!!!
You kill the efreet!
Makhleb accepts your kill.
You feel better.
The black bear growls angrily.
Unknown command.
No target in view!
The black bear bites you but does no damage.
The black bear completely misses you. x2
You blast the black bear!!!
You kill the black bear!
Makhleb accepts your kill.
You hear an angry buzzing noise. x2
No target in view!
No target in view!
Unknown command.
Unknown command.
The killer bee buzzes angrily.
The killer bee attacks as it pursues you!
The killer bee barely misses you. The killer bee completely misses you.
The killer bee completely misses you.
You blast the killer bee!!!
You kill the killer bee!
Makhleb accepts your kill.
The killer bee stings you but does no damage.
The killer bee completely misses you.
You see here a killer bee corpse.
You buffet the killer bee!
Your punch misses the killer bee.
The killer bee is severely wounded.
The killer bee completely misses you.
You miss the killer bee.
The killer bee is severely wounded.
The killer bee completely misses you.
You completely miss the killer bee.
The killer bee is severely wounded.
The killer bee completely misses you. x2
The killer bee completely misses you. The killer bee completely misses you.
There is a stone staircase leading up here.
You blast the killer bee!!!!
Lightning courses through the killer bee!
You kill the killer bee!
Makhleb accepts your kill.
You fly upwards.
There is a stone staircase leading down here.
What level of the Dungeon? (default 1, ? - help)
There is a stone staircase leading up here.
You fly upwards.
There is a stone staircase leading down, spattered with blood here.
Boris, Master of Life and Death comes into view.
He is wearing a +2 robe of cold resistance.
Unknown command.
Boris is empowered by the presence of the orb!
Boris gestures wildly while chanting.
Boris flickers and vanishes for a moment.
Boris completely misses you. x2
You blast Boris!!!
Boris is moderately damaged.
Boris completely misses you. x2
You blast Boris!!!
Boris is severely damaged.
Boris completely misses you. Boris closely misses you.
You blast Boris!!!!
You destroy Boris!
Makhleb accepts your kill.
You see here a +2 robe of cold resistance.
There is a stone staircase leading up here.
You fly upwards.
There is a stone staircase leading down here.
What level of the Dungeon? (default 1, ? - help)
You see here a +0 leather armour.
A red devil comes into view.
It is wielding a +1 demon trident of pain.
Unknown command.
The red devil completely misses you. The red devil closely misses you.
You blast the red devil!!!!
You kill the red devil!
Makhleb accepts your kill.
No target in view!
You see here a +1 demon trident of pain.
There is a staircase leading out of the dungeon here.
Unknown command.
Enter note: gg You have escaped!

#...####.........####...#########
.......'.........'...............
......########################.##
...##.#### ###### ###### #.##
##.##....####....####....## #.##
...##.....##......##......# #.##
.#######..##..##..##..##..####.##
.## #..##..#....#..##..##.....
..######..##..#.v..#..##..##.####
#.##..##..##..##..##..##..##.# #.
#.##.###......##......##.....# #.
#.##.# ##....####....####....# #.
.....# ###### ###### ###### #.
#.#### ### #. #.# #.# #. #.# #.#
#. ..# #.# #.


There were no monsters in sight!

Vanquished Creatures
  7 orbs of fire (Zot:5)
  A dread lich (Zot:5)
  2 ancient liches (Zot:5)
  A juggernaut (Depths:4)
  Boris (twice) (Depths:3 D:2)
  Sojobo (Depths:1)
  4 curse toes
  13 Killer Klowns
  4 caustic shrikes (Depths:4)
  16 golden dragons
  Arachne (Spider:3)
  4 electric golems
  13 tentacled monstrosities
  26 Orb Guardians
  Jorgrun (Shoals:1)
  Mlioglotl (Spider:3)
  An acid blob (Zot:1)
  7 titans
  A kraken (Shoals:4)
  6 quicksilver dragons
  2 walking frostbound tomes (Depths:4)
  3 sphinxes
  6 death cobs
  An ancient champion (Vaults:3)
  Aizul (Depths:1)
  6 tengu reavers
  6 storm dragons
  A draconian knight (Zot:3)
  8 draconian monks
  A daeva (Depths:1)
  Roxanne (D:15)
  9 shadow dragons
  15 frost giants
  7 emperor scorpions (Spider:4)
  6 fire giants
  3 draconian scorchers (Zot:3)
  4 iron dragons
  25 vault wardens
  3 orc warlords
  3 balrugs
  2 draconian annihilators
  An angel (Zot:5)
  3 draconian stormcallers
  6 ghost moths
  19 ironbound preservers
  6 war gargoyles (Vaults:5)
  A reaper (D:4)
  2 draconian shifters
  34 very ugly things
  18 stone giants
  3 broodmothers
  7 ironbound thunderhulks
  5 vampire knights
  11 black draconians
  11 green draconians
  9 purple draconians
  14 dire elephants
  11 red draconians
  16 spark wasps
  11 yellow draconians
  8 white draconians
  12 ettins
  2 deep elf death magi (Vaults:5)
  3 merfolk javelineers
  4 crystal guardians (Depths:2)
  8 entropy weavers
  16 yaktaur captains
  5 fire dragons
  3 merfolk impalers
  4 great orbs of eyes
  44 vault guards
  2 deep elf high priests (Vaults:5)
  6 ice dragons
  5 rakshasas
  5 ogre magi (Vaults:5)
  3 spriggan air magi
  3 hydras
  A sphinx zombie (Depths:2)
  8 centaur warriors
  6 alligator snapping turtles
  A death knight (D:14)
  A catoblepas (Lair:5)
  An anaconda (Lair:3)
  6 ironbound frosthearts
  3 merfolk avatars
  An alligator (Shoals:1)
  7 boulder beetles
  2 merfolk aquamancers (Shoals:4)
  A jorogumo (Spider:4)
  2 satyrs
  6 radroaches
  10 death yaks
  2 two-headed ogres
  3 vampire magi
  A dancing weapon (Vaults:5)
  6 demonic crawlers
  A death scarab (Spider:2)
  A deep troll shaman (Depths:1)
  6 tengu warriors
  3 deep troll earth magi
  8 orc high priests
  3 spriggan berserkers
  Nergalle (Lair:3)
  14 spriggans
  4 sun demons
  10 hell knights
  5 skeletal warriors
  An iron troll (Depths:3)
  3 pharaoh ants
  4 skysharks
  2 sixfirhies
  2 shadow demons
  A fire crab (shapeshifter) (D:15)
  An orb spider (shapeshifter) (Depths:1)
  18 deep trolls
  A flayed ghost (Depths:3)
  Lodul (D:14)
  5 arcanists
  3 glowing orange brains
  7 steelbarb worms
  11 lindwurms
  10 orb spiders
  19 ironbound convokers
  2 deep elf pyromancers
  7 sea snakes
  10 phantasmal warriors
  5 necromancers
  A lindwurm (shapeshifter) (D:13)
  24 orc knights
  A mana viper (shapeshifter) (D:14)
  23 harpies
  15 wolf spiders
  A tengu zombie (Depths:2)
  2 orc sorcerers
  13 manticores
  44 ugly things
  17 fauns
  10 cyclopes
  A salamander (shapeshifter) (D:13)
  14 moths of wrath
  23 elephants
  10 merfolk sirens
  3 black mambas
  21 vault sentinels
  A smoke demon (Depths:3)
  4 water nymphs
  A gargoyle (D:12)
  A torpor snail (shapeshifter) (Vaults:5)
  A black mamba (shapeshifter) (D:13)
  20 cane toads
  5 torpor snails
  2 unseen horrors (D:12)
  2 freezing wraiths
  An efreet (D:4)
  6 rime drakes
  4 komodo dragons
  2 kobold demonologists (D:11)
  An ice devil (D:9)
  A tormentor (Depths:2)
  49 yaktaurs
  A golden dragon simulacrum (Depths:2)
  9 trolls
  6 polar bears
  2 tengu conjurers (Depths:3)
  28 merfolk
  A red devil (D:1)
  6 meliai
  A queen bee (Spider:3)
  4 wind drakes
  24 tarantellas
  A wind drake (shapeshifter) (D:15)
  8 blink frogs
  28 dream sheep
  2 glass eyes
  3 hornets
  24 jumping spiders
  13 snapping turtles
  2 wyverns
  A centaur simulacrum (D:14)
  34 slime creatures
  3 wraiths
  26 culicivoras
  32 yaks
  A shadow (D:13)
  A vampire (D:12)
  Grum (D:11)
  A chaos spawn (Zot:4)
  10 water elementals
  A basilisk (shapeshifter) (D:13)
  4 steam dragons
  40 redbacks
  4 basilisks
  A neqoxec (D:14)
  6 vampire mosquitoes
  A warg (D:15)
  3 acid dragons
  2 glowing shapeshifter zombies
  16 water moccasins
  A glowing shapeshifter skeleton (Vaults:2)
  3 ice beasts
  A black bear (shapeshifter) (D:13)
  4 black bears
  4 sky beasts
  40 orc warriors
  16 ogres
  8 boggarts
  A tengu (shapeshifter) (D:13)
  28 wolves
  An ettin simulacrum (Vaults:2)
  7 centaurs
  2 phantoms
  4 kobold brigands
  12 bullfrogs
  5 gnoll sergeants
  12 scorpions
  8 wights
  22 killer bees
  19 howler monkeys
  7 electric eels
  2 centaur zombies (Ossuary)
  10 hounds
  4 jellies
  33 orc priests
  3 human zombies (Ossuary)
  3 sleepcaps
  5 gnoll boudas (D:7)
  Ijyb (D:2)
  5 iguanas
  29 orc wizards
  A scorpion zombie (Ossuary)
  3 mummies (Ossuary)
  Robin (D:3)
  18 gnolls
  11 adders
  2 shadow imps
  3 white imps
  2 ufetubi (D:5)
  3 worms
  2 dart slugs
  71 orcs
  4 bats (D:1)
  10 endoplasms
  5 giant cockroaches
  A gnoll zombie (Ossuary)
  15 goblins
  13 hobgoblins
  3 jackals (D:1)
  18 kobolds
  4 quokkas
  3 ball pythons
  2 frilled lizards (D:2)
  A goblin zombie (Ossuary)
  A hobgoblin zombie (Ossuary)
  3 kobold zombies (Ossuary)
  3 orc zombies (Ossuary)
  8 rats
  4 tentacles (Shoals:4)
1973 creatures vanquished.

Vanquished Creatures (collateral kills)
  A tengu reaver (Depths:1)
  A stone giant (Vaults:5)
  Snorg (D:10)
  2 merfolk impalers
  A merfolk javelineer (Shoals:4)
  A deep elf high priest (Vaults:5)
  A vault guard (Vaults:5)
  A deep troll shaman (Depths:1)
  A deep troll (Depths:1)
  A flayed ghost (Depths:1)
  An ironbound convoker (Vaults:5)
  An orc sorcerer (Orc:2)
  2 wolf spiders (Spider:1)
  A merfolk siren (Shoals:4)
  A merfolk (Shoals:4)
  A hornet (D:9)
  2 jumping spiders (Spider:1)
  A wraith (D:10)
  3 culicivoras (Spider:1)
  2 yaks (Lair:2)
  5 redbacks (Spider:1)
  2 orc warriors (Orc:2)
  A bullfrog (Lair:2)
  6 orc priests (Orc:2)
  4 orcs (Orc:2)
  A tentacle (Shoals:4)
45 creatures vanquished.

Vanquished Creatures (others)
  A titan (Vaults:5)
  A death cob (Zot:5)
  An ironbound preserver (Vaults:5)
  A vault guard (Vaults:4)
  A deep troll (Depths:1)
  A harpy (Vaults:1)
  A manticore (Shoals:4)
  A wind drake (Shoals:4)
  A jumping spider (Spider:2)
  A water elemental (Shoals:2)
  A killer bee (Spider:3)
  2 orcs (D:10)
  11 tentacles (Shoals:4)
24 creatures vanquished.

Grand Total: 2042 creatures vanquished

Notes
Turn   | Place    | Note
-------+----------+-------------------------------------------
     0 | D:1      | Flugkiller the Octopode Shapeshifter began the quest for
                  | the Orb.
     0 | D:1      | Reached XP level 1. HP: 13/13 MP: 1/1
    88 | D:1      | Reached XP level 2. HP: 18/18 MP: 2/2
   141 | D:1      | Reached skill level 1 in Stealth
   318 | D:1      | Reached XP level 3. HP: 23/23 MP: 3/3
   742 | D:1      | Found a faded altar of an unknown god.
   750 | D:1      | Got Plato's Anthology of Erosion
  1246 | D:2      | Reached XP level 4. HP: 22/29 MP: 4/4
  1857 | D:3      | Noticed Ijyb
  1857 | D:3      | Noticed Robin
  1891 | D:2      | Paralysed by Ijyb for 3 turns
  1899 | D:2      | Killed Ijyb
  1900 | D:2      | Reached XP level 5. HP: 4/34 MP: 5/5
  2030 | D:3      | Killed Robin
  2307 | D:3      | Noticed an ogre
  2443 | D:3      | Reached skill level 1 in Evocations
  2513 | D:3      | Killed an ogre
  2514 | D:3      | Reached XP level 6. HP: 31/41 MP: 6/6
  2872 | D:4      | Reached skill level 4 in Shapeshifting
  2959 | D:4      | Found a staircase to the Ecumenical Temple.
  2972 | Temple   | Entered the Ecumenical Temple
  2989 | Temple   | Became a worshipper of Makhleb the Destroyer
  3083 | D:4      | Noticed a black bear
  3126 | D:4      | Found an ornate altar of the Wu Jian Council.
  3131 | D:4      | Reached XP level 7. HP: 44/46 MP: 7/7
  3579 | D:4      | Found a stormy altar of Qazlal.
  3596 | D:4      | Noticed Edmund
  3612 | D:4      | Found an opulent altar of Gozag.
  3956 | D:5      | Entered Level 5 of the Dungeon
  4252 | D:5      | Found a shadowy altar of Dithmenos.
  4327 | D:5      | Reached skill level 5 in Unarmed Combat
  4327 | D:5      | Reached XP level 8. HP: 43/54 MP: 8/8
  4579 | D:5      | Reached skill level 5 in Shapeshifting
  4585 | D:5      | Found Pioliym's Magic Scroll Shoppe.
  4591 | D:5      | Bought a scroll of fear for 44 gold pieces
  4591 | D:5      | Bought a scroll of identify for 22 gold pieces
  4591 | D:5      | Bought a scroll of identify for 22 gold pieces
  4591 | D:5      | Bought a scroll of identify for 22 gold pieces
  4595 | D:5      | Bought a scroll of identify for 22 gold pieces
  4595 | D:5      | Bought a scroll of revelation for 82 gold pieces
  4645 | D:5      | Reached * piety under Makhleb
  4943 | D:6      | Reached skill level 5 in Dodging
  5065 | D:5      | Reached skill level 1 in Invocations
  5338 | D:6      | Reached ** piety under Makhleb
  5339 | D:6      | Reached skill level 5 in Fighting
  5414 | D:6      | Reached XP level 9. HP: 61/61 MP: 11/11
  5972 | D:6      | Found Taniec's Weapon Shop.
  6134 | D:6      | Found a blossoming altar of Fedhas.
  6308 | D:7      | Reached skill level 5 in Invocations
  6405 | D:7      | Noticed Maggie
  6406 | D:7      | Maggie changed into Maggie the steam dragon
  6406 | D:7      | Noticed Maggie
  6421 | D:7      | Killed Maggie the steam dragon
  6545 | D:7      | Reached skill level 6 in Shapeshifting
  7187 | D:7      | Reached XP level 10. HP: 61/66 MP: 13/13
  7256 | D:7      | Reached *** piety under Makhleb
  7950 | D:7      | Reached **** piety under Makhleb
  8343 | D:8      | Found a sand-covered staircase.
  8348 | Ossuary  | Entered an ossuary
  8457 | Ossuary  | Reached skill level 7 in Shapeshifting
  8934 | D:8      | Found a sparkling altar of Nemelex Xobeh.
  9318 | D:8      | Reached skill level 8 in Shapeshifting
  9328 | D:8      | Reached XP level 11. HP: 72/72 MP: 16/16
  9541 | D:8      | Found a sacrificial altar of Ru.
  9996 | D:9      | Reached skill level 9 in Shapeshifting
 10017 | D:9      | Found a snail-covered altar of Cheibriados.
 10118 | D:9      | Found an iron altar of Okawaru.
 10125 | D:9      | Identified the ring "Yskokka" {rN+ Str+6 Dex+3 SInv}
 10793 | D:10     | Identified the "Awah"
 10793 | D:10     | Entered Level 10 of the Dungeon
 10959 | D:10     | Noticed a cyclops
 10994 | D:9      | Reached skill level 10 in Shapeshifting
 11177 | D:10     | Killed a cyclops
 11449 | D:10     | Noticed Snorg
 11465 | D:10     | Killed Snorg
 11612 | D:10     | Identified the +8 long sword of Luoskeec {heavy, *Noise
                  | rElec rC+}
 12044 | D:11     | Identified the amulet of Wonder {rC+ Regen+}
 12140 | D:11     | Found a staircase to the Lair.
 12151 | D:11     | Noticed Grum
 12157 | D:11     | Noticed a sixfirhy
 12176 | D:11     | Killed Grum
 12574 | D:11     | Noticed a two-headed ogre
 12585 | D:11     | Killed a two-headed ogre
 12586 | D:11     | Reached XP level 12. HP: 81/81 MP: 18/18
 12777 | D:15     | Identified the "Aczefiky"
 12777 | Lair:1   | Entered Level 1 of the Lair of Beasts
 12803 | Lair:1   | Reached skill level 10 in Dodging
 12988 | Lair:1   | Reached ***** piety under Makhleb
 13175 | Lair:1   | You fall into a shaft and drop 1 floor!
 13949 | Lair:2   | Found a hole to the Spider Nest.
 14105 | Lair:2   | Reached skill level 10 in Invocations
 14111 | Lair:2   | Noticed an eight-headed hydra
 14120 | Lair:2   | Killed an eight-headed hydra
 14204 | Lair:2   | Noticed a four-headed hydra
 14211 | Lair:2   | Killed a four-headed hydra
 14212 | Lair:2   | Reached skill level 10 in Unarmed Combat
 14212 | Lair:2   | Reached XP level 13. HP: 82/88 MP: 20/20
 14723 | Lair:3   | Noticed Nergalle
 14759 | Lair:3   | Killed Nergalle
 14992 | Lair:3   | Reached skill level 10 in Fighting
 15305 | Lair:3   | Found a staircase to the Shoals.
 15633 | Lair:4   | Reached XP level 14. HP: 99/99 MP: 23/23
 15798 | Lair:4   | Identified the +1 dagger "Jellyslayer" {drain, rCorr}
 16103 | Lair:4   | Found a viscous altar of Jiyva.
 16300 | Lair:4   | Found a staircase to the Slime Pits.
 16508 | Lair:5   | Entered Level 5 of the Lair of Beasts
 17035 | Lair:5   | Reached ****** piety under Makhleb
 17805 | D:12     | Found a staircase to the Orcish Mines.
 18477 | D:13     | Noticed Sonja
 18478 | D:13     | Sonja changed into Sonja the boggart
 18478 | D:13     | Noticed Sonja
 18485 | D:13     | Killed Sonja the boggart
 18511 | D:13     | Reached XP level 15. HP: 109/109 MP: 24/24
 18569 | D:13     | Found a runed translucent door.
 18569 | D:13     | Found a shimmering altar of Xom.
 18569 | D:13     | Noticed Deit's ghost (journeyman MiBe)
 18769 | D:13     | Reached skill level 11 in Shapeshifting
 18955 | D:13     | Found Lumagol's Armour Shoppe.
 19164 | D:14     | Reached skill level 12 in Shapeshifting
 19287 | D:14     | Found a gate to the Vaults.
 19303 | D:14     | Noticed Lodul
 19317 | D:14     | Killed Lodul
 19560 | D:14     | Reached skill level 13 in Shapeshifting
 19683 | D:15     | Entered Level 15 of the Dungeon
 19932 | D:15     | Found a staircase to the Depths.
 19932 | D:15     | Noticed a frost giant
 20144 | D:15     | Noticed Roxanne
 20168 | D:15     | Killed Roxanne
 20169 | D:15     | Reached skill level 14 in Shapeshifting
 20609 | Orc:1    | Entered Level 1 of the Orcish Mines
 20723 | Orc:1    | Found Yduwn's Armour Emporium.
 20762 | Orc:1    | Found Cokle's Assorted Antiques.
 20891 | Orc:1    | Noticed an orc warlord
 20911 | Orc:1    | Killed an orc warlord
 20912 | Orc:1    | Reached XP level 16. HP: 114/116 MP: 25/25
 21289 | Orc:2    | Entered Level 2 of the Orcish Mines
 21389 | Orc:2    | Found Dihud's Book Shop.
 21444 | Orc:2    | Found a staircase to the Elven Halls.
 21634 | Orc:2    | Reached skill level 15 in Shapeshifting
 21982 | Orc:2    | Found Biex Xor's Armour Emporium.
 21982 | Orc:2    | Found Nelecs's Jewellery Emporium.
 21983 | Orc:2    | Found Mof Ruxay's Antique Weapon Emporium.
 21983 | Orc:2    | Found Beusiry's Jewellery Shoppe.
 22132 | Orc:1    | Found Ucryqy's Book Shoppe.
 22749 | Spider:1 | Entered Level 1 of the Spider Nest
 22801 | Spider:1 | Reached skill level 16 in Shapeshifting
 23791 | Spider:2 | Reached XP level 17. HP: 103/121 MP: 26/26
 24437 | Spider:3 | Noticed Mlioglotl
 24448 | Spider:3 | Killed Mlioglotl
 24704 | Spider:3 | Noticed Arachne
 24713 | Spider:3 | Killed Arachne
 25296 | Spider:4 | Entered Level 4 of the Spider Nest
 25630 | Spider:4 | Found the +0 mask of the Dragon {Will+ Slay+3 SInv}
 25636 | Spider:4 | Got a gossamer rune of Zot
 25793 | Spider:4 | Reached skill level 15 in Invocations
 25928 | Spider:4 | Identified the +10 rapier "Undertaker" {chaos, +Blink
                  | Int+4}
 25938 | Spider:4 | Identified the +2 leather armour of Ming {Str+4}
 26351 | Shoals:1 | Entered Level 1 of the Shoals
 26357 | Shoals:1 | Reached XP level 18. HP: 131/131 MP: 29/29
 26538 | Shoals:1 | Noticed Jorgrun
 26543 | Shoals:1 | Killed Jorgrun
 27255 | Shoals:2 | Reached skill level 15 in Fighting
 27258 | Shoals:2 | Reached skill level 15 in Unarmed Combat
 27907 | Shoals:3 | Found Rewocuk's Jewellery Shop.
 28478 | Shoals:4 | Identified the "Roarph"
 28478 | Shoals:4 | Entered Level 4 of the Shoals
 28623 | Shoals:4 | Got a barnacled rune of Zot
 28908 | Shoals:4 | Reached XP level 19. HP: 139/139 MP: 31/31
 29278 | Shoals:4 | Identified the +7 hand axe of Zunoxzib {freeze, Str+3}
 29351 | Shoals:4 | Identified the +0 war axe of the Warrior-Mage {pain,
                  | Stlth+}
 29715 | Vaults:1 | Entered Level 1 of the Vaults
 29877 | Vaults:1 | Reached skill level 15 in Dodging
 30293 | Vaults:1 | Identified the ring "Leophi" {rF+ Str+2}
 30738 | Vaults:2 | Identified the +9 great sword of Instant Death {heavy, rF-
                  | Str+3 Int+6}
 31157 | Vaults:2 | Found a portal to a secret trove of treasure.
 31320 | Vaults:2 | Reached XP level 20. HP: 125/145 MP: 33/33
 31473 | Vaults:2 | Reached skill level 17 in Shapeshifting
 32126 | Vaults:3 | Reached skill level 18 in Shapeshifting
 32141 | Vaults:3 | Found a staircase to the Crypt.
 32680 | Vaults:3 | Found Geneeb's General Store.
 32682 | Vaults:3 | Found Wopac's Antique Armour Shop.
 32698 | Vaults:3 | Bought a potion of heal wounds for 60 gold pieces
 32698 | Vaults:3 | Bought a potion of ambrosia for 96 gold pieces
 32852 | Vaults:3 | Found Achutit's Jewellery Shoppe.
 32911 | Vaults:3 | Found Vusoijix's General Store.
 33027 | Vaults:4 | Reached skill level 19 in Shapeshifting
 33281 | Vaults:4 | Reached XP level 21. HP: 151/151 MP: 34/34
 33476 | Vaults:4 | Reached skill level 20 in Shapeshifting
 33656 | Vaults:4 | Identified the ring "Analaroa" {rElec rCorr AC+4 Int+3}
 34113 | Vaults:5 | Identified the "Xerphuew"
 34113 | Vaults:5 | Entered Level 5 of the Vaults
 34113 | Vaults:5 | Noticed a golden dragon
 34121 | Vaults:5 | Killed a golden dragon
 34134 | Vaults:5 | Noticed a golden dragon
 34141 | Vaults:5 | Killed a golden dragon
 34171 | Vaults:5 | Identified the amulet "Yrie" {Spirit rN++}
 34208 | Vaults:5 | Reached skill level 21 in Shapeshifting
 34472 | Vaults:5 | Found Zikhanle's Distillery.
 34477 | Vaults:5 | Bought a potion of haste for 170 gold pieces
 34477 | Vaults:5 | Bought a potion of cancellation for 136 gold pieces
 34516 | Vaults:5 | Bought a potion of invisibility for 136 gold pieces
 34516 | Vaults:5 | Bought a potion of might for 68 gold pieces
 34516 | Vaults:5 | Bought a potion of ambrosia for 136 gold pieces
 34521 | Vaults:5 | Found Zevir's Distillery.
 34524 | Vaults:5 | Found Nunniacsee's Magic Scroll Boutique.
 34525 | Vaults:5 | Bought a potion of heal wounds for 105 gold pieces
 34525 | Vaults:5 | Bought a potion of heal wounds for 105 gold pieces
 34554 | Vaults:5 | Noticed a golden dragon
 34558 | Vaults:5 | Found Wuathie's Distillery.
 34565 | Vaults:5 | Killed a golden dragon
 34587 | Vaults:5 | Found Hamale's Distillery.
 34695 | Vaults:5 | Identified the amulet "Ulinotha" {Harm Regen+ Str+3 Int+2
                  | Slay-3}
 34712 | Vaults:5 | Noticed a golden dragon
 34716 | Vaults:5 | Reached skill level 22 in Shapeshifting
 34734 | Vaults:5 | Noticed a golden dragon
 34739 | Vaults:5 | Reached XP level 22. HP: 148/157 MP: 35/35
 34752 | Vaults:5 | Killed a golden dragon
 34776 | Vaults:5 | Killed a golden dragon
 34837 | Vaults:5 | Reached skill level 23 in Shapeshifting
 34985 | Vaults:5 | Got a silver rune of Zot
 35658 | Crypt:3  | Identified the "Xiexistra"
 35658 | Depths:1 | Entered Level 1 of the Depths
 35671 | Depths:1 | Found Bump's Elemental Accessories.
 35674 | Depths:1 | Identified the serpent talisman of Supple Strength {rF+
                  | Str+2 Dex+2 Slay-5}
 35674 | Depths:1 | Noticed Aizul
 35687 | Depths:1 | Killed Aizul
 36041 | Shoals:3 | Bought a storm talisman for 960 gold pieces
 36376 | Vaults:5 | Bought a potion of might for 84 gold pieces
 36376 | Vaults:5 | Bought a potion of ambrosia for 168 gold pieces
 36376 | Vaults:5 | Bought 2 potions of might for 168 gold pieces
 36376 | Vaults:5 | Bought a potion of might for 84 gold pieces
 36376 | Vaults:5 | Bought a potion of might for 84 gold pieces
 36395 | Vaults:5 | Bought a potion of mutation for 152 gold pieces
 36395 | Vaults:5 | Bought a potion of mutation for 152 gold pieces
 36395 | Vaults:5 | Bought a potion of heal wounds for 95 gold pieces
 36395 | Vaults:5 | Bought 2 potions of heal wounds for 190 gold pieces
 36395 | Vaults:5 | Bought a potion of heal wounds for 95 gold pieces
 36409 | Vaults:5 | Bought a potion of might for 92 gold pieces
 36409 | Vaults:5 | Bought a potion of invisibility for 184 gold pieces
 36409 | Vaults:5 | Bought a potion of cancellation for 184 gold pieces
 36409 | Vaults:5 | Bought a potion of heal wounds for 115 gold pieces
 36430 | Vaults:5 | Bought a scroll of fear for 60 gold pieces
 36688 | Depths:1 | Found a transporter.
 36787 | Depths:1 | Found a glowing golden altar of the Shining One.
 36801 | Depths:1 | Found a transporter.
 36867 | Depths:1 | Noticed Sojobo
 36887 | Depths:1 | Killed Sojobo
 36995 | Depths:1 | Found a one-way gate to the infinite horrors of the Abyss.
 37095 | Depths:1 | Found a gateway to Hell.
 37342 | Depths:1 | You are sucked into a shaft and drop 1 floor!
 37378 | Depths:2 | Identified the +8 hand axe of Yredelemnul {venom, rElec
                  | Will+++ rCorr Int-3}
 37412 | Depths:2 | Reached XP level 23. HP: 162/162 MP: 37/37
 37752 | Depths:2 | Found a one-way gate leading to the halls of Pandemonium.
 37874 | Depths:2 | Found Big Baal Hell's Store.
 38289 | Depths:3 | Noticed Boris
 38299 | Depths:3 | Killed Boris
 38679 | Depths:3 | Found a one-way gateway to a ziggurat.
 39218 | Depths:3 | Found a hide-covered altar of Uskayaw.
 39322 | Depths:4 | Entered Level 4 of the Depths
 39657 | Depths:4 | Noticed a caustic shrike
 39657 | Depths:4 | Noticed a caustic shrike
 39661 | Depths:4 | Noticed a caustic shrike
 39684 | Depths:4 | Killed a caustic shrike
 39691 | Depths:4 | Killed a caustic shrike
 39709 | Depths:4 | Noticed a caustic shrike
 39721 | Depths:4 | Killed a caustic shrike
 39727 | Depths:4 | Killed a caustic shrike
 39798 | Depths:4 | Noticed a golden dragon
 39799 | Depths:4 | Noticed a golden dragon
 39802 | Depths:4 | Killed a golden dragon
 39810 | Depths:4 | Killed a golden dragon
 39817 | Depths:4 | Found a gate to the Realm of Zot.
 39829 | Depths:4 | Reached XP level 24. HP: 175/175 MP: 37/37
 39992 | Depths:4 | Noticed a juggernaut
 40001 | Depths:4 | Killed a juggernaut
 40447 | Elf:2    | Identified the "Usutas Qyma"
 40447 | Elf:2    | Identified the of Zannis
 40447 | Elf:2    | Identified the "Cyututh"
 40447 | Elf:2    | Identified the "Eciful"
 40447 | Zot:1    | Entered Level 1 of the Realm of Zot
 40881 | Zot:2    | Found a transporter.
 40881 | Zot:2    | Found a transporter.
 41086 | Zot:2    | Noticed a Killer Klown
 41094 | Zot:2    | Killed a Killer Klown
 41748 | Zot:3    | Reached XP level 25. HP: 131/185 MP: 0/37
 42225 | Zot:3    | Found a corrupted altar of Lugonu.
 42547 | Zot:4    | Noticed a Killer Klown
 42566 | Zot:4    | Killed a Killer Klown
 42869 | Zot:4    | Noticed a Killer Klown
 42880 | Zot:4    | Killed a Killer Klown
 43086 | Zot:5    | Entered Level 5 of the Realm of Zot
 43336 | Zot:5    | Noticed an orb of fire
 43342 | Zot:5    | Killed an orb of fire
 43626 | Zot:5    | Noticed an ancient lich
 43631 | Zot:5    | Noticed an orb of fire
 43635 | Zot:5    | Killed an ancient lich
 43639 | Zot:5    | Killed an orb of fire
 43647 | Zot:5    | Noticed a Killer Klown
 43647 | Zot:5    | Noticed a Killer Klown
 43647 | Zot:5    | Noticed a Killer Klown
 43648 | Zot:5    | Noticed a Killer Klown
 43653 | Zot:5    | Noticed an orb of fire
 43656 | Zot:5    | Killed a Killer Klown
 43657 | Zot:5    | Killed a Killer Klown
 43659 | Zot:5    | Gained mutation: You occasionally lose the ability to drink
                  | potions when taking damage. [an orb of fire]
 43661 | Zot:5    | Noticed a dread lich
 43662 | Zot:5    | Gained mutation: You are frail. (-10% HP) [an orb of fire]
 43665 | Zot:5    | Killed an orb of fire
 43665 | Zot:5    | Noticed an orb of fire
 43667 | Zot:5    | Noticed a Killer Klown
 43671 | Zot:5    | Killed a dread lich
 43672 | Zot:5    | Killed an orb of fire
 43673 | Zot:5    | Noticed a Killer Klown
 43676 | Zot:5    | Killed a Killer Klown
 43681 | Zot:5    | Killed a Killer Klown
 43682 | Zot:5    | Killed a Killer Klown
 43682 | Zot:5    | Noticed an ancient lich
 43687 | Zot:5    | Killed an ancient lich
 43688 | Zot:5    | Reached XP level 26. HP: 177/177 MP: 37/37
 43691 | Zot:5    | Killed a Killer Klown
 43844 | Zot:5    | Noticed an orb of fire
 43845 | Zot:5    | Noticed a Killer Klown
 43845 | Zot:5    | Noticed a Killer Klown
 43858 | Zot:5    | Noticed a Killer Klown
 43858 | Zot:5    | Noticed an orb of fire
 43863 | Zot:5    | Gained mutation: You are very frail. (-20% HP) [an orb of
                  | fire]
 43865 | Zot:5    | Killed an orb of fire
 43872 | Zot:5    | Killed an orb of fire
 43872 | Zot:5    | Killed a Killer Klown
 43874 | Zot:5    | Killed a Killer Klown
 43876 | Zot:5    | Noticed a Killer Klown
 43879 | Zot:5    | Noticed an orb of fire
 43882 | Zot:5    | Killed a Killer Klown
 43889 | Zot:5    | Killed a Killer Klown
 43891 | Zot:5    | Gained mutation: Your magical capacity is low. (-10% MP)
                  | [an orb of fire]
 43897 | Zot:5    | Killed an orb of fire
 44103 | Zot:5    | Lost mutation: You occasionally lose the ability to drink
                  | potions when taking damage. [potion of mutation]
 44103 | Zot:5    | Lost mutation: Your magical capacity is low. (-10% MP)
                  | [potion of mutation]
 44103 | Zot:5    | Gained mutation: You expend magic power (3 MP) to
                  | strengthen your wands. [potion of mutation]
 44103 | Zot:5    | Gained mutation: You passively map a small area around you.
                  | [potion of mutation]
 44103 | Zot:5    | Gained mutation: Your flesh is heat resistant. (rF+)
                  | [potion of mutation]
 44103 | Zot:5    | Gained mutation: Your system is resistant to poisons.
                  | (rPois) [potion of mutation]
 44104 | Zot:5    | Lost mutation: You are very frail. (-20% HP) [potion of
                  | mutation]
 44104 | Zot:5    | Lost mutation: Your system is resistant to poisons. (rPois)
                  | [potion of mutation]
 44104 | Zot:5    | Lost mutation: You expend magic power (3 MP) to strengthen
                  | your wands. [potion of mutation]
 44104 | Zot:5    | Gained mutation: Your flesh is very heat resistant. (rF++)
                  | [potion of mutation]
 44105 | Zot:5    | Lost mutation: You are frail. (-10% HP) [potion of
                  | mutation]
 44105 | Zot:5    | Lost mutation: Your flesh is very heat resistant. (rF++)
                  | [potion of mutation]
 44105 | Zot:5    | Gained mutation: You have hidden genetic potential. [potion
                  | of mutation]
 44105 | Zot:5    | Gained mutation: You have a beak for a mouth. [potion of
                  | mutation]
 44184 | Zot:5    | Got the Orb of Zot
 44559 | D:14     | Gained mutation: You occasionally lose the ability to drink
                  | potions when taking damage. [a neqoxec]
 44849 | D:2      | Noticed Boris
 44855 | D:2      | Killed Boris
 44937 | D:1      | gg
 44938 | D:$      | Escaped with the Orb!

Illustrated notes

#...####.........####...#########
.......'.........'...............
......########################.##
...##.#### ###### ###### #.##
##.##....####....####....## #.##
...##.....##......##......# #.##
.#######..##..##..##..##..####.##
.## #..##..#....#..##..##.....
..######..##..#.v..#..##..##.####
#.##..##..##..##..##..##..##.# #.
#.##.###......##......##.....# #.
#.##.# ##....####....####....# #.
.....# ###### ###### ###### #.
#.#### ### #. #.# #.# #. #.# #.#
#. ..# #.# #.


Turn 44937 on D:1: gg

Levels and vault maps discovered:
D:1:      minmay_arrival_wavy_path, layout_loops_corners,
          shapermc_ecumenical_altar_rom_forum, chequers_jeans,
          minmay_tetromino_o4
D:2:      layout_basic, serial_forest, infiniplex_forest_clump_small,
          infiniplex_forest_clump_small, infiniplex_forest_lined_3_way,
          infiniplex_forest_clump_curved, infiniplex_forest_clump_tiny,
          infiniplex_forest_fountain, infiniplex_forest_join,
          infiniplex_forest_straight_2
D:3:      layout_loops_ring, chequers_serial_rivers_micro_a, nicolae_goblin_pals
D:4:      layout_basic, mainiacjoe_overflow_24_doors,
          mainiacjoe_overflow_two_lobes, temple_statues, chequers_avenue,
          minmay_stone_trees_medium, uniq_edmund
D:5:      layout_rooms, grunt_dithmenos_smoke, serial_shops,
          nicolae_shop_temple_entry_statues_fountains, minmay_ogre_servants
D:6:      wad_guarded_room, layout_loops_ring, fedhas_bush_and_centaur_altar,
          serial_shops, nicolae_shop_bloodbath_and_beyond, nrook_mini_backslash,
          feat_on_display
D:7:      lemuel_castle_with_subvaults [lemuel_castle_interior_carwin_1],
          layout_cave_pods, minivault_19, uniq_maggie
D:8:      layout_basic, nicolae_ru_awakened_eye, nemelex_spade_bored_becter,
          nicolae_ossuary_entry_false_entrances, abandoned_shop,
          grunt_ministairs_11
D:9:      layout_loops_ring, lemuel_tele_altar, mainiacjoe_overflow_tiny_flanked
D:10:     layout_cross, kennysheep_boxes, uniq_snorg
D:11:     gammafunk_indiana_jones, layout_basic, lair_entry_dummy,
          nicolae_figureground_pulse, uniq_grum
D:12:     layout_roguey, kennysheep_orc_monster_closet_entryway,
          serial_aquarium, aquarium_bridge_square [aquarium_subvault_balcony,
          aquarium_subvault_bridge, aquarium_subvault_window,
          aquarium_subvault_bridge], aquarium_window_fake, aquarium_window_fake,
          aquarium_window_fake, aquarium_window_1, aquarium_view_2e
D:13:     minmay_distorted_concentric_squares, layout_rooms, ebering_ghost_xom,
          serial_shops, nicolae_shop_advertising_works
          [nicolae_subvault_shop_adworks], uniq_sonja
D:14:     layout_roguey, hellmonk_vaults_order_and_chaos, serial_bayou_ford_a,
          uniq_lodul
D:15:     grunt_enter_depths_snipers, layout_basic, uniq_roxanne
Temple:   nicolae_temple_ecumenical_triangle
Lair:1:   layout_layer_cave
Lair:2:   layout_cave_pods, spider_nest_entry_rubble
Lair:3:   layout_roguey, nicolae_shoals_entry_roost, hellmonk_talismancer,
          infiniplex_staircase_pool_2, uniq_nergalle
Lair:4:   layout_roguey, slime_entry_2
Lair:5:   minmay_lair_end_enchanted_forest, layout_hall_layers, minivault_26
Shoals:1: layout_shoals, nicolae_shoals_goliath_grotto, uniq_jorgrun
Shoals:2: layout_shoals
Shoals:3: layout_shoals, serial_shops, shop
Shoals:4: shoals_end_simple, layout_shoals
Spider:1: layout_spider_delve, nicolae_spider_shape
Spider:2: nicolae_spider_hilbert_zone_6 [nicolae_spider_hilbert_4_sides_1_open,
          nicolae_spider_hilbert_4_sides_1_open,
          nicolae_spider_hilbert_4_sides_1_open,
          nicolae_spider_hilbert_4_sides_1_open,
          nicolae_spider_hilbert_4_sides_1_open,
          nicolae_spider_hilbert_4_sides_1_open,
          nicolae_spider_hilbert_4_sides_1_open]
Spider:3: layout_chambers, special_room [special_room_bee], hive_lemuel,
          hangedman_spider_tarantella_strand, uniq_arachne, uniq_mlioglotl
Spider:4: grunt_spider_rune_circles
Orc:1:    orc_temple, layout_caves, serial_shops, shop, shop,
          nicolae_shop_crystal, nicolae_orc_crystal_geode
Orc:2:    st_orc_pillars, layout_diamond_mine, serial_shops,
          nicolae_shop_statue_plus
Vaults:1: v_misc_25, nicolae_vaults_wrenched, vaults_room_hallway,
          nicolae_vaults_door_testing_chamber, nicolae_vaults_ninety_degrees,
          nicolae_vaults_network_square, nicolae_vaults_weapon_check,
          nicolae_vaults_heist, hangedman_vaults_impose, vaults_room_pools,
          nicolae_vaults_theta, layout_vaults_ring
Vaults:2: lightli_church_of_beogh, nicolae_vaults_wine_cellar,
          hangedman_vaults_pinch, nicolae_vaults_sightless_eye,
          nicolae_vaults_network_barrier, vaults_room_ringed_pool, v_misc_11,
          nicolae_vaults_closet_pinwheel_6, vaults_room_grid,
          nicolae_vaults_tetromino_L_2, layout_vaults_omnicross,
          trove_entry_hex_spiral
Vaults:3: minmay_crypt_entry_simple_plaza, v_misc_29,
          vaults_standard_mumra_lines, v_misc_18, v_rooms_6,
          nicolae_vaults_more_shelving_1, nicolae_vaults_spaceships,
          hangedman_vaults_corner_blocks, nicolae_vaults_little_squares_2,
          vaults_dpeg_encased_lava, vaults_dpeg_hooks,
          vaults_mumra_chevron_long, nicolae_vaults_octothorpe,
          nicolae_vaults_diamond_2, layout_vaults_maze_snakey, serial_shops,
          shop, shop, shop, nicolae_shop_crystal
Vaults:4: v_misc_26, nicolae_vaults_meiosis, nicolae_vaults_heart-shaped_vault,
          nicolae_vaults_circle_grid_a, nicolae_vaults_ring_of_whatevers,
          nicolae_vaults_frosty_reception, nicolae_vaults_little_squares_1,
          layout_vaults_omnigrid
Vaults:5
Depths:1: gammafunk_dig_for_victory, layout_gridlike, abyss_entry,
          hangedman_geh_valley, chequers_serial_rivers_small_3,
          nicolae_elemental_shop, tso_oasis_becter, uniq_aizul, uniq_sojobo
Depths:2: minmay_crystal_thing, layout_basic, grunt_pan_entry_spiral,
          nicolae_hell_entry_big_baal_hell, abyss_entry
Depths:3: nicolae_cairo_tiling_large_dashed, layout_basic, enter_ziggurat_c,
          lightli_too_deep, nicolae_uskayaw_suspiria, abyss_entry,
          infiniplex_staircase_pillars_1, uniq_boris
Depths:4: grunt_runaround [grunt_runaround_doors_1, grunt_runaround_doors_2,
          grunt_runaround_doors_3, grunt_runaround_doors_4,
          grunt_runaround_zot], hell_entry, abyss_entry, pan_entry
Zot:1:    layout_twisted_circle, regret_index_zotdec_bone_old,
          hangedman_zot_spectrum
Zot:2:    gammafunk_sealed_arena, layout_gridlike, grunt_megastairs_1,
          uniq_grunn
Zot:3:    layout_misc_corridors,
          regret_index_zotdec_abyssal_contain_seething_sorcery,
          grunt_ministairs_15, st_stairs_5
Zot:4:    layout_basic
Zot:5:    layout_gridlike, skrybe_zot_glass_2

Skill      XL: |  1  2  3  4  5  6  7  8  9 10 11 12 13 14 15 16 17 18 19 20 21 22 23 24 25 26 |
---------------+-------------------------------------------------------------------------------+-----
Stealth        | 1 2 |  2.0
Fighting       | 2 3 5 6 7 8 10 12 14 15 17 18 20 21 | 21.3
Dodging        | 3 4 5 8 9 11 13 14 17 18 20 | 20.0
Evocations     | 3 |  3.0
Unarmed Combat | 4 5 6 7 10 12 14 15 17 18 20 21 | 21.3
Shapeshifting  | 4 5 6 8 10 14 16 19 22 23 | 23.0
Invocations    | 3 5 7 8 10 12 13 15 17 18 20 | 20.0

Action                     |  1- 3 |  4- 6 |  7- 9 | 10-12 | 13-15 | 16-18 | 19-21 | 22-24 | 25-27 || total
---------------------------+-------+-------+-------+-------+-------+-------+-------+-------+-------++-------
  Melee: Unarmed           |    77 |   107 |   227 |   414 |   902 |   966 |   841 |   891 |   350 ||  4775
         Constrict         |    14 |    29 |    60 |   114 |   184 |   236 |   144 |    19 |       ||   800
         Tentacles         |    11 |    23 |    70 |    59 |       |   245 |   274 |    66 |       ||   748
         Punch             |       |     3 |    10 |    15 |       |    88 |   125 |   112 |    53 ||   406
  Throw: Dart              |       |       |     4 |       |       |       |       |       |       ||     4
         Throwing net      |       |       |     2 |       |       |       |       |       |       ||     2
 Invoke: Minor Destruction |       |       |    51 |   206 |     9 |    20 |       |       |       ||   286
         Lesser Servant of |       |       |       |     9 |     2 |       |       |       |       ||    11
         Major Destruction |       |       |       |       |     6 |    24 |     3 |       |       ||    33
         Greater Servant o |       |       |       |       |       |     6 |     4 |     3 |       ||    13
  Evoke: Wand              |       |     3 |     9 |     4 |     3 |       |     1 |       |       ||    20
    Use: Scroll            |       |     2 |     8 |    14 |     5 |     5 |     3 |     4 |     4 ||    45
         Potion            |       |     1 |       |       |     1 |     2 |     1 |     3 |     9 ||    17
   Stab: Sleeping          |    12 |     7 |     7 |     4 |     8 |    26 |    13 |     2 |     2 ||    81
         Distracted        |     1 |     1 |       |     1 |       |     7 |     3 |     1 |       ||    14
         Paralysed         |       |     5 |       |       |     1 |       |       |       |       ||     6
         Confused          |       |       |       |       |       |     2 |       |       |       ||     2
 Armour: Skin              |    30 |    35 |    85 |   168 |   537 |   865 |   652 |   429 |    77 ||  2878
  Dodge: Dodged            |    50 |    48 |   171 |   284 |   735 |  1755 |  1240 |  1217 |   361 ||  5861
  Block: Buckler           |       |       |    31 |    49 |       |   567 |   498 |    95 |       ||  1240
   Form: Anaconda          |       |       |       |     2 |       |       |       |       |       ||     2
         Beast             |       |       |       |     1 |       |       |       |       |       ||     1
         Statue            |       |       |       |       |       |     1 |       |       |       ||     1
         Storm             |       |       |       |       |       |       |       |     1 |       ||     1

Table legend: (Time is in decaauts)
 A = Elapsed time spent in this place.
 B = Non-inter-level travel time spent in this place.
 C = Inter-level travel time spent in this place.
 D = Time resting spent in this place.
 E = Time spent auto-exploring this place.
 F = Levels seen in this place.
 G = Mean time per level.
                   A        B        C        D        E       F      G
               +--------+--------+--------+--------+--------+-----+--------+
         Total |  50640 |  45606 |   5034 |   3282 |  29558 |  46 | 1100.9 |
       Dungeon |  16622 |  14628 |   1994 |   2152 |   8432 |  15 | 1108.1 |
        Temple |     34 |      2 |     32 |      0 |      0 |   1 |   34.0 |
          Lair |   5477 |   4552 |    925 |    102 |   3235 |   5 | 1095.4 |
        Shoals |   4815 |   4469 |    346 |     82 |   3174 |   4 | 1203.8 |
   Spider Nest |   5150 |   4848 |    302 |    166 |   3228 |   4 | 1287.5 |
  Orcish Mines |   1829 |   1570 |    259 |    117 |   1013 |   2 |  914.5 |
        Vaults |   8673 |   8115 |    558 |    124 |   5557 |   5 | 1734.6 |
        Depths |   4044 |   3660 |    384 |    149 |   2571 |   4 | 1011.0 |
           Zot |   3585 |   3354 |    231 |    266 |   2213 |   5 |  717.0 |
       Ossuary |    407 |    407 |      0 |    121 |    133 |   1 |  407.0 |
               +--------+--------+--------+--------+--------+-----+--------+

Top non-repeatable levels by time:
Vaults:5: 2009 daAuts
Vaults:2: 1950 daAuts
Spider:3: 1876 daAuts
     D:7: 1818 daAuts
Vaults:4: 1686 daAuts
     D:6: 1597 daAuts
Vaults:1: 1536 daAuts
Vaults:3: 1490 daAuts
Shoals:4: 1478 daAuts
     D:8: 1440 daAuts
Spider:4: 1274 daAuts
    D:11: 1267 daAuts
Shoals:1: 1251 daAuts
  Lair:3: 1246 daAuts
    D:15: 1186 daAuts
